 Dungeon Crawl Stone Soup version 0.25.1-2-g60ff931df9 (webtiles) character file.

Game seed: 12554086031333347178

1213 graki42 the Chopper (level 8, -15/72 HPs)
             Began as a Naga Gladiator on July 30, 2020.
             Demolished by a two-headed ogre
             ... wielding a +0 giant spiked club
              (22 damage)
             ... on level 5 of the Dungeon.
             The game lasted 00:12:51 (4939 turns).

graki42 the Chopper (Naga Gladiator)                Turns: 4939, Time: 00:12:51

Health: -15/72     AC:  8    Str: 19    XL:     8   Next: 46%
Magic:  8/8        EV: 14    Int:  8    God:
Gold:   203        SH:  5    Dex: 13    Spells: 7/7 levels left

rFire    . . .     SeeInvis +   a - +1 war axe
rCold    . . .     Gourm    .   j - +1 buckler
rNeg     . . .     Faith    .   o - +0 ring mail
rPois    +         Spirit   .   c - +0 helmet
rElec    .         Reflect  .   d - +0 cloak {MR+}
rCorr    .         Harm     .   (no gloves)
MR       ++...                  (no barding)
Stlth    +.........             (no amulet)
HPRegen  0.22/turn              r - +4 ring of evasion
MPRegen  0.11/turn              (no ring)

@: about to teleport, very slow
A: large, see invisible, deformed body, poison resistance, slowness 2, slow
metabolism 1, spit poison 1, AC +2
a: Spit Poison


You were on level 5 of the Dungeon.
You were not hungry.

You visited 1 branch of the dungeon, and saw 6 of its levels.

You collected 203 gold pieces.

Inventory:

Hand Weapons
 a - a +1 war axe (weapon)
Missiles
 p - a throwing net (quivered)
Armour
 c - a +0 helmet (worn)
 d - a +0 cloak of magic resistance (worn)
 j - a +1 buckler (worn)
 o - a +0 ring mail (worn)
Jewellery
 r - a +4 ring of evasion (left hand)
 t - the ring of Voenuyl {Wiz rN+}
   (You took it off an orc on level 4 of the Dungeon)

   [ring of wizardry]

   It improves your spell success rate.
   It protects you from negative energy.
Wands
 s - a wand of flame (11)
 w - a wand of polymorph (10)
Scrolls
 e - a scroll of magic mapping
 g - 2 scrolls of remove curse
 i - 2 scrolls of enchant weapon
 k - 3 scrolls of amnesia
 l - 2 scrolls of teleportation
 x - 2 scrolls of identify
Potions
 b - 2 potions of brilliance {unknown}
 h - 2 potions of curing
 m - a potion of might
 n - a potion of resistance {unknown}
 u - a potion of ambrosia
 v - a potion of heal wounds
Comestibles
 f - 8 rations
 q - a chunk of flesh


   Skills:
 + Level 3.9 Fighting
 + Level 7.3 Axes
 + Level 2.0 Throwing
 + Level 3.8 Armour
 + Level 3.6 Dodging
 + Level 1.2 Stealth
 + Level 1.3 Shields


You had 7 spell levels left.
You didn't know any spells.
Your spell library contained the following spells:

 Spells                   Type           Power        Failure   Level  Hunger
 Corona                   Hex            #......      67%         1    ##.....
 Foxfire                  Conj/Fire      #...         67%         1    ##.....
 Ensorcelled Hibernation  Hex/Ice        #.....       80%         2    ###....
 Confusing Touch          Hex            #.......     95%         3    ####...
 Conjure Flame            Conj/Fire      #.......     95%         3    ####...
 Dazzling Flash           Conj/Hex       #.....       95%         3    ####...
 Inner Flame              Hex/Fire       #.......     95%         3    ####...
 Tukima's Dance           Hex            #.......     95%         3    ####...
 Sticky Flame             Conj/Fire      #.......     100%        4    #####..
 Fireball                 Conj/Fire      #.........   100%        5    ######.


Dungeon Overview and Level Annotations

Branches:
Dungeon (6/15)
 Temple: D:4-7

Altars:
Ashenzari
Gozag
Kikubaaqudgha
Makhleb
Sif Muna
Trog
Uskayaw
Xom
Zin
The Shining One

Annotations:
D:6 Prince Ribbit


Innate Abilities, Weirdness & Mutations

You cannot wear boots.
Your serpentine skin is tough. (AC +2)
You have supernaturally acute eyesight. (SInv)
Armour fits poorly on your strangely shaped body.
Your system is resistant to poisons. (rPois)
You cover ground very slowly.
You have a slow metabolism.
You can spit poison.


Message History

The two-headed ogre hits you with a +0 giant spiked club!
The two-headed ogre hits you with a +0 giant club!
* * * LOW HITPOINT WARNING * * *
You hit the two-headed ogre.
The two-headed ogre is lightly wounded.
Prince Ribbit comes into view.
You barely miss the two-headed ogre.
The two-headed ogre is lightly wounded.
The two-headed ogre misses you.
The two-headed ogre hits you with a +0 giant club!
* * * LOW HITPOINT WARNING * * *
The two-headed ogre misses you. x2
Prince Ribbit hops awkwardly around.
Prince Ribbit blinks!
You climb upwards.
There is a stone staircase leading down here.
As you read the scroll of teleportation, it crumbles to dust.
You feel strangely unstable.
The two-headed ogre hits you with a +0 giant spiked club!!
You die...

#######..######.............
####.######.............
#........)..#...........
#........)............#.
##).........###..........
##...........# ####.#.....
########..####.###### #....#..
..........# #.### ##......
..........# #..@# ##.###..
..........######O## #..# ##.
..................#### #.## #.
..........#####......#####.# #.
####.........##..........#.#####>
#.........##..................
#.......................####..
#.........#######.#..#.#####..
#.........# #.##..........


You could see a two-headed ogre.

Vanquished Creatures
  Pikel (D:5)
  A phantom (D:4)
  An ogre (D:4)
  2 howler monkeys (D:4)
  2 crimson imps (D:5)
  A jelly (D:4)
  A hound (D:5)
  Crazy Yiuf (D:4)
  2 orc wizards
  An iguana (D:4)
  4 worker ants
  5 adders
  An ooze (D:1)
  An adder skeleton (D:5)
  4 worms
  3 dart slugs
  4 leopard geckos
  21 orcs
  5 giant cockroaches
  4 goblins
  9 hobgoblins
  5 jackals
  2 quokkas
  A ball python (D:1)
  A ball python skeleton (D:4)
  8 bats
  3 frilled lizards
  A jackal zombie (D:3)
  10 kobolds
  6 rats
111 creatures vanquished.

Vanquished Creatures (others)
  A slave (D:5)
  A water moccasin (D:5)
  An orc priest (D:5)
3 creatures vanquished.

Grand Total: 114 creatures vanquished

Notes
Turn   | Place    | Note
-------+----------+-------------------------------------------
     0 | D:1      | graki42 the Naga Gladiator began the quest for the Orb.
     0 | D:1      | Reached XP level 1. HP: 19/19 MP: 1/1
   140 | D:1      | Reached XP level 2. HP: 19/26 MP: 2/2
  1146 | D:2      | Reached XP level 3. HP: 30/32 MP: 3/3
  1525 | D:2      | You fall into a shaft and drop 2 floors!
  1526 | D:4      | Reached skill level 1 in Armour
  1526 | D:4      | Reached XP level 4. HP: 39/39 MP: 4/4
  1550 | D:4      | Reached skill level 4 in Axes
  1838 | D:4      | Noticed an ogre
  1845 | D:4      | Killed an ogre
  1845 | D:4      | Reached XP level 5. HP: 46/46 MP: 5/5
  1857 | D:4      | Reached XP level 6. HP: 52/55 MP: 6/6
  2211 | D:2      | Found a glowing silver altar of Zin.
  2245 | D:2      | Found a shattered altar of Ashenzari.
  2256 | D:2      | Reached skill level 1 in Stealth
  2613 | D:2      | Found a faded altar of an unknown god.
  3198 | D:3      | Found an opulent altar of Gozag.
  3221 | D:3      | Found a bloodstained altar of Trog.
  3235 | D:3      | Found a glowing golden altar of the Shining One.
  3236 | D:3      | Found a shimmering blue altar of Sif Muna.
  3341 | D:3      | Found a burning altar of Makhleb.
  3355 | D:3      | Found a hide-covered altar of Uskayaw.
  3400 | D:3      | Reached skill level 5 in Axes
  3422 | D:3      | Found a shimmering altar of Xom.
  4111 | D:4      | Found a runed translucent door.
  4112 | D:4      | Noticed Crazy Yiuf
  4125 | D:4      | Killed Crazy Yiuf
  4275 | D:4      | Noticed a phantom
  4303 | D:4      | Killed a phantom
  4303 | D:4      | Reached XP level 7. HP: 53/62 MP: 7/7
  4450 | D:4      | Identified the ring of Voenuyl {Wiz rN+}
  4518 | D:5      | Entered Level 5 of the Dungeon
  4551 | D:5      | Noticed Pikel
  4559 | D:5      | Killed Pikel
  4559 | D:5      | Reached skill level 7 in Axes
  4559 | D:5      | Reached skill level 1 in Shields
  4559 | D:5      | Reached XP level 8. HP: 59/70 MP: 8/8
  4827 | D:5      | Found an ancient bone altar of Kikubaaqudgha.
  4925 | D:6      | Noticed a two-headed ogre
  4935 | D:6      | Noticed Prince Ribbit
  4939 | D:5      | Demolished by a two-headed ogre

Illustrated notes

Levels and vault maps discovered:
D:1:      mainiacjoe_arrival_reflecting_pool, layout_basic
D:2:      layout_loops_ring, lemuel_doored_altar, lemuel_crystal_altar,
          chequers_ecumenical_altar_lobes, minivault_25, minivault_19,
          chequers_serial_rivers_micro_d, grunt_ministairs_8,
          serial_bayou_crossing
D:3:      layout_rooms, lemuel_crystal_altar, nicolae_overflow_quartered_altars,
          minitemple
D:4:      layout_loops_ring, uniq_crazy_yiuf_cottage
D:5:      layout_rooms, first_ration, serial_glass, glass_columns_b,
          glass_columns_b, basic_altar, uniq_pikel
D:6:      layout_rooms, slow_altar_1, okawaru_gym_becter, uniq_prince_ribbit1,
          uniq_eustachio

Skill      XL: |  1  2  3  4  5  6  7 |
---------------+----------------------+-----
Armour         | 1 2 3 |  3.8
Dodging        | 3 |  3.6
Axes           | 4 5 7 |  7.3
Stealth        | 1 |  1.2
Fighting       | 3 |  3.9
Throwing       | 2 |  2.0
Shields        | 1 |  1.3

Action                   |  1- 3 |  4- 6 |  7- 9 || total
-------------------------+-------+-------+-------++-------
Melee: War axe           |    81 |   229 |    60 ||   370
Throw: Throwing net      |       |     3 |       ||     3
  Use: Potion            |       |     1 |     2 ||     3
       Scroll            |       |    11 |     1 ||    12
  Eat: Chunk             |     1 |     7 |     2 ||    10
Armor: Leather armour    |    20 |       |       ||    20
       Ring mail         |    34 |    73 |    13 ||   120
Dodge: Dodged            |    61 |   140 |    39 ||   240
Block: Buckler           |     8 |    36 |    18 ||    62
